 Dungeon Crawl Stone Soup version 0.32-a0-870-g877066f (webtiles) character file.

Game seed: 16303763693010722205

6619 lyrin the Cruncher (level 10, -12/83 HPs)
             Began as a Demigod Brigand on Mar 29, 2024.
             Mangled by a hornet (13 damage)
             ... on level 9 of the Dungeon.
             The game lasted 00:11:19 (10136 turns).

lyrin the Cruncher (Demigod Brigand)               Turns: 10136, Time: 00:11:20

Health: -12/83     AC:  9    Str: 16    XL:     10   Next: 44%
Magic:  13/13      EV: 11    Int: 18    God:
Gold:   525        SH:  0    Dex: 17    Spells: 9/9 levels left

rFire   + . .        l - +2 quarterstaff (speed)
rCold   . . .        (shield currently unavailable)
rNeg    . . .        J - +0 ring mail "Biruxt" {rElec rCorr Int-3 Dex+2}
rPois   .            r - +0 helmet
rElec   +            c - +0 cloak
rCorr   +            (no gloves)
SInv    .            (no boots)
Will    +....        (no amulet)
Stlth   ++           g - ring of flight
HPRegen 0.33/turn    A - ring of protection from fire
MPRegen 0.13/turn

%: no passive effects
@: lethally poisoned (-12 -> -33), flying, slowed, very slow
A: high MP 1, forlorn, divine attributes
a: no special abilities


You were on level 9 of the Dungeon.
You visited 2 branches of the dungeon, and saw 10 of its levels.

You collected 525 gold pieces.

Inventory:

Hand Weapons
 a - a +2 dagger
 l - a +2 quarterstaff of speed (weapon)
Missiles
 d - 28 poisoned darts
 e - 4 curare-tipped darts
Armour
 b - a +0 robe
 c - a +0 cloak (worn)
 i - a +0 ring mail
 r - a +0 helmet (worn)
 x - the +3 pair of boots "Okaif" {Will- Str+3 Int-4 SInv}
   (You found it on level 3 of the Dungeon)

   Str+3:     It affects your strength (+3).
   Int-4:     It affects your intelligence (-4).
   Will-:     It decreases your willpower.
   SInv:      It lets you see invisible.
 J - the +0 ring mail "Biruxt" (worn) {rElec rCorr Int-3 Dex+2}
   (You found it on level 7 of the Dungeon)

   Int-3:     It affects your intelligence (-3).
   Dex+2:     It affects your dexterity (+2).
   rElec:     It insulates you from electricity.
   rCorr:     It protects you from acid and corrosion.
Jewellery
 g - a ring of flight (left hand)
 u - a ring of ice
 y - a +6 ring of intelligence
 A - a ring of protection from fire (right hand)
Wands
 q - a wand of flame (58)
 F - a wand of acid (10)
 G - a wand of mindburst (3)
 H - a wand of warping (9) (quivered)
 L - a wand of digging (4)
Scrolls
 f - a scroll of torment {unknown}
 k - a scroll of blinking {unknown}
 m - 2 scrolls of noise {unknown}
 n - 3 scrolls of brand weapon {unknown}
 o - 2 scrolls of fear {unknown}
 s - 5 scrolls of teleportation {unknown}
 v - 6 scrolls of identify {unknown}
 w - a scroll of vulnerability {unknown}
 B - a scroll of immolation {unknown}
 D - 2 scrolls of poison {unknown}
 E - 3 scrolls of fog {unknown}
 I - a scroll of enchant armour {unknown}
Potions
 h - 3 potions of brilliance {unknown}
 j - 2 potions of might {unknown}
 p - 6 potions of heal wounds {unknown}
 t - 2 potions of enlightenment {unknown}
 z - 3 potions of haste {unknown}
 C - 3 potions of attraction {unknown}
 K - a potion of lignification {unknown}


   Skills:
 + Level 5.9 Fighting
 + Level 2.8 Short Blades
 + Level 10.1 Staves
 + Level 2.1 Throwing
 + Level 6.3 Armour
 + Level 4.0 Dodging
 - Level 3.6 Stealth
 * Level 4.9 Evocations


You had 9 spell levels left.
You didn't know any spells.
Your spell library was empty.

Dungeon Overview and Level Annotations

Branches:
Dungeon (9/15)             Temple (1/1) D:7
   Lair: D:8-11         Orc: D:9-12


Innate Abilities, Weirdness & Mutations

You have an increased reservoir of magic. (+10% MP)
You shall have no god before yourself.
Your divine heritage dramatically boosts your attributes as you level up.


Message History

You sock the hornet!
The hornet is almost dead.
The hornet stings you!
You suddenly lose the ability to move!
You feel sick. The hornet stings you.
You feel yourself slow down.
The kobold brigand throws a curare-tipped dart.
The curare-tipped dart hits you.
You are more poisoned.
You have difficulty breathing.
You feel as though you will be slow longer.
You feel very sick. The hornet stings you.
You feel as though you will be slow longer.
The kobold brigand throws a curare-tipped dart.
The curare-tipped dart hits you.
You are more poisoned.
You have difficulty breathing.
You feel as though you will be slow longer.
The hornet stings you.
* * * LOW HITPOINT WARNING * * *
You shrug off the repeated paralysis!
* * * LOW HITPOINT WARNING * * *
You feel very sick. The hornet stings you!
* * * LOW HITPOINT WARNING * * *
You are more poisoned.
You feel as though you will be slow longer.
You can move again.
Okay, then.
Okay, then.
Okay, then.
Unknown command.
Aiming: Warp Space
Press: ? - help, Shift-Dir - straight line Space twists violently!
The rupture engulfs the kobold brigand!
The kobold brigand blinks!
* * * LOW HITPOINT WARNING * * *
You feel extremely sick.
You hear a shout! x3
The hornet stings you!
You die...

#### #... #... #... #...
########################..
#..#..KKy.......##....##..
#.......#@.......#....####
#.......#........#....##..
#.......#......<.#........
######..##ยง.##..###...##..
##K.##..#######...##..
#KF...........#........##..
#.K...K.......#........####
#K..K.........'............
#.K...........#............


You could see a hornet and 2 kobolds.

Vanquished Creatures
  A flayed ghost (D:8)
  Pikel (Temple)
  An unseen horror zombie (D:8)
  5 wraiths (D:8)
  A wyvern (D:7)
  8 fire bats (D:8)
  A steam dragon (D:6)
  3 water moccasins
  An ice beast (D:5)
  2 sky beasts (D:7)
  2 black bears
  An ogre (D:7)
  A centaur (D:7)
  2 kobold brigands
  A lemure (D:7)
  6 bullfrogs
  Blork the orc (D:6)
  A gnoll sergeant (D:7)
  2 wyvern zombies (D:8)
  2 scorpions (D:7)
  5 wights
  4 crimson imps (D:4)
  3 centaur zombies (D:8)
  5 orc priests
  A bombardier beetle (D:5)
  3 gnoll boudas
  2 hounds (D:6)
  3 sleepcaps
  Jessica (D:2)
  Terence (D:2)
  4 iguanas
  An orc wizard (D:8)
  Robin (D:2)
  6 adders
  11 gnolls
  A shadow imp (D:5)
  4 white imps
  A dart slug (D:2)
  2 ribbon worms
  24 orcs
  7 endoplasms
  7 giant cockroaches
  9 goblins
  8 hobgoblins
  14 kobolds
  4 quokkas
  7 ball pythons
  46 bats
  A frilled lizard (D:2)
  5 rats
234 creatures vanquished.

Notes
Turn   | Place    | Note
-------+----------+-------------------------------------------
     0 | D:1      | lyrin the Demigod Brigand began the quest for the Orb.
     0 | D:1      | Reached XP level 1. HP: 17/17 MP: 3/3
    97 | D:1      | Reached skill level 1 in Dodging
   332 | D:1      | Reached XP level 2. HP: 20/24 MP: 4/4
  1071 | D:2      | Reached XP level 3. HP: 29/29 MP: 5/5
  1148 | D:2      | Noticed Jessica
  1197 | D:2      | You are sucked into a shaft and drop 2 floors!
  1368 | D:2      | Noticed Terence
  1377 | D:2      | Killed Terence
  1383 | D:2      | Killed Jessica
  1384 | D:2      | Reached skill level 1 in Staves
  1384 | D:2      | Reached skill level 1 in Armour
  1384 | D:2      | Reached XP level 4. HP: 19/36 MP: 6/6
  1508 | D:2      | Noticed Robin
  1525 | D:2      | Killed Robin
  1972 | D:3      | Noticed a bullfrog
  1982 | D:3      | Killed a bullfrog
  1983 | D:3      | Reached skill level 2 in Staves
  1983 | D:3      | Reached XP level 5. HP: 37/42 MP: 7/7
  2228 | D:3      | Identified the +3 pair of boots "Okaif" {Will- Str+3 Int-4
                  | SInv}
  2880 | D:4      | Reached skill level 3 in Staves
  2891 | D:4      | Reached XP level 6. HP: 50/50 MP: 8/8
  3643 | D:5      | Entered Level 5 of the Dungeon
  3666 | D:5      | Reached skill level 4 in Staves
  3758 | D:5      | Noticed a water moccasin
  3770 | D:5      | Killed a water moccasin
  3771 | D:5      | Reached XP level 7. HP: 40/57 MP: 9/9
  4139 | D:5      | Reached skill level 5 in Staves
  4917 | D:6      | Noticed Blork the orc
  4936 | D:6      | Killed Blork the orc
  4994 | D:6      | Noticed a steam dragon
  5029 | D:6      | Killed a steam dragon
  5030 | D:6      | Reached skill level 6 in Staves
  5144 | D:6      | Reached XP level 8. HP: 57/66 MP: 10/10
  6100 | D:6      | Reached skill level 7 in Staves
  6394 | D:7      | Found a staircase to the Ecumenical Temple.
  6468 | D:7      | Reached skill level 1 in Evocations
  6637 | D:7      | Noticed Pikel
  6665 | Temple   | Entered the Ecumenical Temple
  6681 | Temple   | Killed Pikel
  6682 | Temple   | Reached XP level 9. HP: 31/72 MP: 11/11
  6983 | D:7      | Reached skill level 5 in Armour
  7086 | D:7      | Reached skill level 8 in Staves
  7422 | D:7      | Identified the +0 ring mail "Biruxt" {rElec rCorr Int-3
                  | Dex+2}
  7915 | D:7      | Reached skill level 5 in Fighting
  8608 | D:8      | Reached skill level 9 in Staves
  9100 | D:8      | Found a runed translucent door.
  9280 | D:8      | Reached XP level 10. HP: 34/81 MP: 13/13
  9868 | D:8      | Noticed a flayed ghost
  9881 | D:8      | Killed a flayed ghost
  9882 | D:8      | Reached skill level 10 in Staves
  9884 | D:8      | Identified the +7 war axe of the Viper {flame, rElec rPois
                  | rN++}
 10124 | D:9      | Paralysed by a hornet for 1 turns
 10132 | D:9      | Paralysed by a hornet for 3 turns
 10136 | D:9      | HP: 1/83 [poisoned by a hornet]
 10136 | D:9      | Mangled by a hornet

Illustrated notes

Levels and vault maps discovered:
D:1:      eino_arrival_water_star, layout_basic, dreamdust_princess_corridor
D:2:      layout_loops_corners, ebering_ecumenical_altar_hall,
          serial_bayou_lagoon_a, uniq_terence, uniq_robin, uniq_jessica
D:3:      layout_basic, mainiacjoe_overflow_surrounded_room, serial_aquarium,
          aquarium_bridge_square [aquarium_subvault_wall,
          aquarium_subvault_wall, aquarium_subvault_bridge,
          aquarium_subvault_wall], aquarium_bridge_long_separate
          [aquarium_subvault_balcony, aquarium_subvault_bridge,
          aquarium_subvault_bridge, aquarium_subvault_balcony,
          aquarium_subvault_bridge, aquarium_subvault_bridge],
          aquarium_window_1, aquarium_window_3, aquarium_window_1,
          aquarium_window_1, aquarium_view_2d, aquarium_view_2c,
          aquarium_balcony_3a
D:4:      layout_basic, led_xom_imps
D:5:      layout_basic
D:6:      layout_rooms, kennysheep_generic_room_8, uniq_blork_the_orc
D:7:      minmay_bubble_buster, layout_basic, pf_just_have_faith,
          minmay_temple_entry_glass, uniq_pikel
D:8:      due_megacathedral, layout_rooms, serial_undead, serial_undead_b,
          serial_undead_e, serial_undead_d, serial_undead_e
D:9:      layout_gridville, nicolae_tso_carved_into_rock, elyvilon_altar_5,
          minmay_ruffians
Temple:   sentei_temple_godly_chess

Skill      XL: |  1  2  3  4  5  6  7  8  9 10 |
---------------+-------------------------------+-----
Short Blades   | 2 |  2.8
Dodging        | 1 2 3 4 |  4.0
Fighting       | 2 3 4 5 |  5.9
Throwing       | 2 |  2.1
Staves         | 1 2 3 4 6 7 9 10 | 10.1
Armour         | 1 2 3 4 6 |  6.3
Evocations     | 2 4 |  4.9
Stealth        | |  3.6

Action                     |  1- 3 |  4- 6 |  7- 9 | 10-12 || total
---------------------------+-------+-------+-------+-------++-------
  Melee: Dagger            |    74 |       |       |       ||    74
         Quarterstaff      |    29 |   184 |   585 |   166 ||   964
  Evoke: Wand              |       |     1 |     2 |     1 ||     4
   Stab: Sleeping          |     4 |     5 |     4 |       ||    13
         Distracted        |       |       |     1 |       ||     1
 Armour: Robe              |    13 |       |       |       ||    13
         Ring mail         |    54 |    92 |   335 |    98 ||   579
  Dodge: Dodged            |    45 |    69 |   254 |    86 ||   454

Table legend: (Time is in decaauts)
 A = Elapsed time spent in this place.
 B = Non-inter-level travel time spent in this place.
 C = Inter-level travel time spent in this place.
 D = Time resting spent in this place.
 E = Time spent auto-exploring this place.
 F = Levels seen in this place.
 G = Mean time per level.
                   A        B        C        D        E       F      G
               +--------+--------+--------+--------+--------+-----+--------+
         Total |   9827 |   9629 |    198 |   1890 |   5918 |  10 |  982.7 |
       Dungeon |   9690 |   9492 |    198 |   1766 |   5918 |   9 | 1076.7 |
        Temple |    137 |    137 |      0 |    124 |      0 |   1 |  137.0 |
               +--------+--------+--------+--------+--------+-----+--------+

Top non-repeatable levels by time:
     D:7: 2321 daAuts
     D:8: 1584 daAuts
     D:2: 1202 daAuts
     D:5: 1139 daAuts
     D:4: 1053 daAuts
     D:6: 973 daAuts
     D:3: 675 daAuts
     D:1: 663 daAuts
  Temple: 137 daAuts
     D:9: 74 daAuts
